 Dungeon Crawl Stone Soup version 0.20-a0-1114-g33edf32 (console) character file.

2528 nht the Quickloader (level 9, -17/61 HPs)
             Began as a Formicid Hunter on May 6, 2017.
             Was a Follower of Okawaru.
             Demolished by an orc warrior
             ... wielding a +0 trident
              (19 damage)
             ... on level 8 of the Dungeon.
             The game lasted 00:13:29 (8650 turns).

nht the Quickloader (Formicid Hunter)               Turns: 8650, Time: 00:13:30

Health: -17/61     AC:  3    Str: 22    XL:     9   Next: 84%
Magic:  11/11      EV: 12    Int: 11    God:    Okawaru [*.....]
Gold:   508        SH:  4    Dex: 13    Spells: 8/8 levels left

rFire    . . .     SeeInvis +   r - -1 hand axe (curse)
rCold    . . .     Gourm    .   B - +0 buckler
rNeg     . . .     Faith    .   c - +0 leather armour
rPois    .         Spirit   .   (helmet unavailable)
rElec    .         Reflect  .   k - +0 cloak {+Inv}
rCorr    .         Harm     .   z - +1 pair of gloves
MR       .....                  (no boots)
Stlth    ++........             (no amulet)
Regen    0.2/turn               u - +2 ring of strength (curse)
MPRegen  0.2/turn               w - -3 ring of protection (curse)

@: no status effects
A: permanent stasis, dig shafts and tunnels, four strong arms, antennae 3,
talons 1, thin skeletal structure 1, sense surroundings 1
a: Dig, Shaft Self, Heroism, Renounce Religion, Evoke Invisibility


You were on level 8 of the Dungeon.
You worshipped Okawaru.
Okawaru was aware of your devotion.
You were not hungry.

You visited 2 branches of the dungeon, and saw 10 of its levels.

You collected 508 gold pieces.

Inventory:

Hand Weapons
 a - a +2 hand crossbow
 b - a +2 broad axe of chopping
 m - a +0 short sword
 r - a cursed -1 hand axe (weapon)
 t - a +0 hand axe of distortion
Missiles
 n - 31 bolts
Armour
 c - a +0 leather armour (worn)
 k - a +0 cloak of invisibility (worn)
 z - a +1 pair of gloves (worn)
 B - a +0 buckler (worn)
Magical Staves
 q - an uncursed staff of death {unknown}
Jewellery
 p - a cursed amulet of inaccuracy {unknown}
 u - a cursed +2 ring of strength (left hand)
 w - a cursed -3 ring of protection (right hand)
Wands
 e - a wand of lightning (3/15)
 x - a wand of polymorph (15/24)
Scrolls
 g - 3 scrolls of amnesia
 i - a scroll of enchant weapon
 j - a scroll of immolation
 y - 3 scrolls of identify
 A - a scroll of recharging
Potions
 l - 4 potions of brilliance
 s - 4 potions of curing
 v - a potion of resistance
Books
 d - a book of Maledictions

   Spells                             Type                      Level
   a - Corona                         Hexes                        1
   b - Ensorcelled Hibernation        Hexes/Ice                    2
   c - Confuse                        Hexes                        3
   d - Tukima's Dance                 Hexes                        3
   e - Dazzling Spray                 Conjuration/Hexes            3
Comestibles
 f - 5 bread rations
 h - 7 fruits
 o - 2 meat rations
 C - 4 chunks of flesh


   Skills:
 - Level 2.1 Fighting
 * Level 7.8 Axes
 - Level 10.0 Crossbows
 - Level 1.7 Dodging
 - Level 1.2 Stealth
 + Level 2.2 Shields
 + Level 3.4 Invocations


You had 8 spell levels left.
You didn't know any spells.

Dungeon Overview and Level Annotations

Branches:
Dungeon (9/15)             Temple (1/1) D:6
   Lair: D:8-11         Orc: D:9-12

Altars:
Ashenzari
Cheibriados
Elyvilon
Hepliaklqana
Nemelex Xobeh
Okawaru
Qazlal
Sif Muna
Wu Jian
Yredelemnul
Zin

Shops:
D:8 *

Annotations:
D:8 Popol's ghost, novice MiFi


Innate Abilities, Weirdness & Mutations

You cannot be hasted, slowed, berserked, paralysed or teleported.
You can dig through walls and to a lower floor.
Your four strong arms can wield two-handed weapons with a shield.
You have a pair of large antennae on your head. (SInv)
You have sharp toenails.
You have a somewhat thin skeletal structure. (Dex +2, Stealth)
You passively map a small area around you.


Message History

Aiming: Lightning Bolt
Press: ? - help, Shift-Dir - straight line You hear a mighty clap of thunder!
The bolt of lightning hits the orc warrior.
The orc warrior is moderately wounded.
The bolt of lightning misses the orc warrior.
This wand has 4 charges left.
The orc warrior hits you from afar with a trident!!
* * * LOW HITPOINT WARNING * * *
Evoke which item? (* to show all) (? for menu, Esc to quit)
Aiming: Lightning Bolt
Press: ? - help, Shift-Dir - straight line You hear a mighty clap of thunder!
The bolt of lightning hits the orc warrior.
The orc warrior is moderately wounded.
The bolt of lightning hits the orc warrior.
The orc warrior is almost dead.
This wand has 3 charges left.
The orc warrior hits you from afar with a trident!!
You die... █████████

, , █.......█
██.......█ █.......█
█......... █.......█
█......... ███.███.██
█.........█ █.<█ █..█
█.........█ █.██
██o██████.........██.
█<█
█>.@...█............
█.█
██████..............
*█.█ ██...........█,
..█ █..........██.
.██ ██............
*.* * ██..÷....███. *
.. ,, █.......████. ,
█.█....████.. ,
██████...██...██..


You could see an orc warrior.

Vanquished Creatures
  A hippogriff (D:8)
  An ice beast (D:3)
  A phantom (D:6)
  A sky beast (D:7)
  3 ogres (D:4)
  2 centaurs
  Blork the orc (D:5)
  4 bullfrogs
  A scorpion (D:6)
  3 howler monkeys
  2 crimson imps
  2 bullfrog zombies
  Crazy Yiuf (D:2)
  2 bullfrog skeletons
  A jelly (D:6)
  2 orc priests
  3 centaur skeletons
  2 hounds
  A gnoll shaman (D:7)
  2 iguanas
  4 orc wizards
  5 worker ants
  A killer bee zombie (D:7)
  A hound zombie (D:5)
  16 adders
  4 gnolls (D:7)
  3 oozes
  An adder zombie (D:7)
  4 worms
  3 dart slugs
  3 leopard geckos
  31 orcs
  5 giant cockroaches
  6 hobgoblins
  12 jackals
  6 quokkas
  12 bats
  2 frilled lizards
  6 goblins
  9 kobolds
  2 leopard gecko skeletons
  7 rats
179 creatures vanquished.

Notes
Turn   | Place    | Note
-------+----------+-------------------------------------------
     0 | D:1      | nht the Formicid Hunter began the quest for the Orb.
     0 | D:1      | Reached XP level 1. HP: 16/16 MP: 1/1
    35 | D:1      | Reached XP level 2. HP: 22/22 MP: 2/2
   341 | D:1      | Reached XP level 3. HP: 27/27 MP: 3/3
   396 | D:1      | Reached skill level 5 in Crossbows
   831 | D:2      | Found a sparkling altar of Nemelex Xobeh.
   934 | D:2      | Reached XP level 4. HP: 33/33 MP: 4/4
  1401 | D:2      | Reached XP level 5. HP: 38/38 MP: 5/5
  1402 | D:2      | Reached skill level 6 in Crossbows
  1668 | D:2      | Found a runed door.
  1980 | D:2      | Noticed Crazy Yiuf
  1982 | D:2      | Killed Crazy Yiuf
  2267 | D:3      | Reached XP level 6. HP: 19/44 MP: 6/6
  2281 | D:3      | Reached skill level 7 in Crossbows
  2507 | D:3      | Found a snail-covered altar of Cheibriados.
  2564 | D:3      | HP: 3/66 [poisoned by an adder]
  2569 | D:3      | HP: 2/66 [poisoned by an adder]
  2576 | D:3      | HP: 1/66 [poisoned by an adder]
  2584 | D:3      | HP: 1/66 [poisoned by an adder]
  2953 | D:3      | Noticed an ice beast
  2961 | D:3      | Killed an ice beast
  3253 | D:3      | Reached XP level 7. HP: 50/50 MP: 7/7
  3619 | D:4      | Reached skill level 8 in Crossbows
  3636 | D:4      | Reached skill level 1 in Axes
  3642 | D:5      | Entered Level 5 of the Dungeon
  4217 | D:4      | Reached XP level 8. HP: 14/56 MP: 8/8
  4631 | D:4      | Reached skill level 9 in Crossbows
  5123 | D:5      | Noticed Blork the orc
  5135 | D:5      | Killed Blork the orc
  5645 | D:5      | Found a stormy altar of Qazlal.
  6031 | D:6      | Found a basalt altar of Yredelemnul.
  6120 | D:6      | Found a staircase to the Ecumenical Temple.
  6126 | Temple   | Entered the Ecumenical Temple
  6140 | Temple   | Became a worshipper of Warmaster Okawaru
  6229 | D:6      | Reached skill level 10 in Crossbows
  6623 | D:6      | Reached XP level 9. HP: 53/61 MP: 9/9
  6638 | D:6      | Reached skill level 5 in Axes
  7061 | D:7      | Reached * piety under Okawaru
  7334 | D:7      | Reached skill level 1 in Invocations
  8042 | D:7      | Gained mutation: You have a somewhat thin skeletal structure. (Dex +2, Stealth) [potion of mutation]
  8042 | D:7      | Gained mutation: You passively map a small area around you. [potion of mutation]
  8042 | D:7      | Gained mutation: You have sharp toenails. [potion of mutation]
  8207 | D:7      | Reached skill level 1 in Shields
  8289 | D:8      | Noticed a hippogriff
  8318 | D:8      | Killed a hippogriff
  8337 | D:8      | Noticed Popol's ghost (novice MiFi)
  8342 | D:8      | Found Zin's Purification Station.
  8375 | D:8      | Found a glowing silver altar of Zin.
  8649 | D:8      | HP: 2/61 [orc warrior/trident (20)]
  8650 | D:8      | Demolished by an orc warrior

Vault maps used:
D:1:      erik_arrival_gehennom
D:2:      nicolae_overflow_crystal_walls, kennysheep_generic_room_16,
          uniq_crazy_yiuf_cottage
D:3:      kennysheep_slug_shrine
D:4:      first_bread, lightli_corner_chamber
D:5:      grunt_qazlal_clouds, uniq_blork_the_orc
D:6:      yredelemnul_altar_generic, minmay_temple_entry_hall
D:8:      nicolae_ru_sacrificial_ziggurat, zin_purify, kennysheep_little_box
D:9:      basic_altar, uniq_erolcha
Temple:   eino_temple_rhombus

Skill      XL: |  1  2  3  4  5  6  7  8  9 |
---------------+----------------------------+-----
Crossbows      | 5 6 7 8 10 | 10.0
Axes           | 2 4 7 |  7.8
Invocations    | 3 |  3.4
Shields        | 2 |  2.2
Fighting       | |  2.1
Dodging        | |  1.7
Stealth        | |  1.2

Action                   |  1- 3 |  4- 6 |  7- 9 || total
-------------------------+-------+-------+-------++-------
Melee: Short sword       |       |    32 |       ||    32
       Hand axe          |       |    85 |   231 ||   316
       Broad axe         |       |       |    95 ||    95
       Kick              |       |       |    36 ||    36
 Fire: Hand crossbow     |    74 |    63 |    99 ||   236
Invok: Heroism           |       |       |     3 ||     3
 Abil: Dig               |       |       |     1 ||     1
Evoke: Wand              |       |     2 |    15 ||    17
  Use: Potion            |     2 |     2 |     3 ||     7
       Scroll            |     2 |     5 |     7 ||    14
 Stab: Sleeping          |       |       |     1 ||     1
  Eat: Chunk             |       |     7 |    17 ||    24
       Fruit             |       |       |     1 ||     1
Armor: Leather armour    |     3 |    44 |    73 ||   120
       Skin              |       |    11 |    44 ||    55
Dodge: Dodged            |    20 |   103 |   267 ||   390
Block: Buckler           |       |       |    25 ||    25
